[Event "SWE-ch Masters 2019"]
[Site "Eskilstuna"]
[Date "2019.07.12"]
[Round "7.9"]
[White "Hellstrom, Magnus"]
[Black "Sivhed, Johan"]
[Result "1-0"]
[ECO "C91"]
[WhiteElo "2061"]
[BlackElo "2023"]
[Annotator "NA"]
[PlyCount "153"]
[EventDate "2019.07.06"]
[EventType "swiss"]
[EventCountry "SWE"]
[SourceTitle "playchess.com"]
[Source "ChessBase"]
[SourceQuality "1"]
[TimeControl "40/5400+30:1800+30"]

1. e4 e5 2. Nf3 Nc6 3. Bb5 a6 4. Ba4 Nf6 5. O-O Be7 6. Re1 b5 7. Bb3 d6 8. c3 O-O 9. d4 Bg4 10. Be3 exd4 11. cxd4 Na5 12. Bc2 Nc4 13. Bc1 c5 14. b3 Nb6 15. Nbd2 cxd4 16. Bb2 d3 17. Bxd3 Nfd7 18. h3 Bh5 19. g4 Bg6 20. Nd4 Ne5 21. Bf1 Bg5 22. N2f3 Bf4 23. Bg2 Rc8 24. Nf5 Bxf5 25. exf5 Re8 26. Nd4 Qh4 27. Ne2 Bh6 28. f4 Nxg4 29. hxg4 Qxg4 30. Qd3 Nd7 31. Rac1 Nc5 32. Qc2 Rcd8 33. Kf1 Bxf4 34. Nxf4 Qxf4+ 35. Kg1 Qg3 36. Qc3 Qxc3 37. Bxc3 Nd3 38. Rxe8+ Rxe8 39. Rd1 Nf4 40. Kf1 Nxg2 41. Kxg2 Re2+ 42. Kf3 Rxa2 43. Rxd6 h5 44. f6 gxf6 45. Bxf6 Ra3 46. Rd3 Kh7 47. Kf4 Kg6 48. Be7 Ra2 49. Rg3+ Kh6 50. Bg5+ Kg6 51. Ke5 Re2+ 52. Be3+ Kh7 53. Kf6 Re1 54. Kxf7 Rf1+ 55. Ke6 a5 56. Rg5 Rf3 57. Rxh5+ Kg6 58. Rg5+ Kh7 59. Re5 Kg6 60. Kd5 a4 61. b4 a3 62. Bd4 Rd3 63. Re1 a2 64. Ra1 Ra3 65. Kc5 Kf5 66. Kxb5 Ke4 67. Kc4 Ra8 68. Re1+ Kf4 69. b5 Ra4+ 70. Kc5 Ra3 71. Kb4 Rd3 72. Kc4 Ra3 73. b6 Ra4+ 74. Kc5 Ra3 75. Kb4 Rd3 76. Be5+ Kf5 77. b7 1-0

[Event "SWE-ch Masters 2019"]
[Site "Eskilstuna"]
[Date "2019.07.12"]
[Round "7.10"]
[White "Adellian, Yashar"]
[Black "Cramling Bellon, Anna"]
[Result "1-0"]
[ECO "B22"]
[WhiteElo "1995"]
[BlackElo "2030"]
[Annotator "NA"]
[PlyCount "97"]
[EventDate "2019.07.06"]
[EventType "swiss"]
[EventCountry "SWE"]
[SourceTitle "playchess.com"]
[Source "ChessBase"]
[SourceQuality "1"]
[TimeControl "40/5400+30:1800+30"]

1. e4 c5 2. c3 Nf6 3. e5 Nd5 4. d4 cxd4 5. cxd4 e6 6. Nc3 Nxc3 7. bxc3 d6 8. f4 Qc7 9. Bd2 Nc6 10. Bd3 Bd7 11. Nf3 Be7 12. O-O O-O 13. Qe2 f6 14. Rae1 f5 15. exd6 Bxd6 16. Ng5 Rae8 17. Bc4 Nd8 18. Bb3 h6 19. Nf3 b5 20. Ne5 Bxe5 21. fxe5 a5 22. a3 Nb7 23. Qh5 Kh7 24. g4 Re7 25. Bc2 Be8 26. Qh3 Bg6 27. gxf5 exf5 28. Bxf5 Bxf5 29. Rxf5 Qc8 30. Rf3 Qxh3 31. Rxh3 Rfe8 32. Rb1 Nd8 33. Rxb5 Ra7 34. Rb6 Nf7 35. Rg3 Nd8 36. Rgg6 Rae7 37. c4 Rc7 38. c5 Rd7 39. Rgd6 Rde7 40. c6 a4 41. Rb8 Ne6 42. Rxe8 Rxe8 43. Ba5 Ng5 44. c7 Nh3+ 45. Kf1 Rf8+ 46. Ke1 Nf4 47. Rd8 Ng2+ 48. Ke2 Nf4+ 49. Kf3 1-0

[Event "SWE-ch Masters 2019"]
[Site "Eskilstuna"]
[Date "2019.07.13"]
[Round "8.1"]
[White "Zadruzny, Nicolaj"]
[Black "Nikolic, Vladan"]
[Result "1/2-1/2"]
[ECO "E97"]
[WhiteElo "2280"]
[BlackElo "2153"]
[Annotator "ChessBase"]
[PlyCount "33"]
[EventDate "2019.07.06"]
[EventType "swiss"]
[EventCountry "SWE"]
[SourceTitle "playchess.com"]
[Source "ChessBase"]
[SourceQuality "1"]
[TimeControl "40/5400+30:1800+30"]

1. d4 Nf6 2. c4 g6 3. Nc3 Bg7 4. e4 d6 5. Nf3 O-O 6. Be2 e5 7. O-O Nc6 8. d5 Ne7 9. b4 a5 10. Ba3 axb4 11. Bxb4 b6 12. a4 Re8 13. a5 c5 14. dxc6 Nxc6 15. Bxd6 Rxa5 16. Rxa5 Nxa5 17. c5 1/2-1/2

[Event "SWE-ch Masters 2019"]
[Site "Eskilstuna"]
[Date "2019.07.13"]
[Round "8.2"]
[White "Tiger-Norqvist, Axel"]
[Black "Crevatin, Leo"]
[Result "1-0"]
[ECO "B30"]
[WhiteElo "2222"]
[BlackElo "2146"]
[Annotator "NA"]
[PlyCount "121"]
[EventDate "2019.07.06"]
[EventType "swiss"]
[EventCountry "SWE"]
[SourceTitle "playchess.com"]
[Source "ChessBase"]
[SourceQuality "1"]
[TimeControl "40/5400+30:1800+30"]

1. e4 c5 2. Nf3 Nc6 3. Bb5 e6 4. O-O Nge7 5. d4 cxd4 6. Nxd4 a6 7. Be2 Nxd4 8. Qxd4 Nc6 9. Qc3 Qf6 10. Qxf6 gxf6 11. Be3 b5 12. a4 b4 13. Nd2 Bb7 14. Nc4 d5 15. exd5 exd5 16. Nb6 Rd8 17. Rfe1 Ne5 18. Bd4 Be7 19. Bd3 O-O 20. Re3 Nc6 21. Rg3+ Kh8 22. Re1 Nxd4 23. Rxe7 Rde8 24. Rge3 Bc6 25. Rxe8 Rxe8 26. Rxe8+ Bxe8 27. Nxd5 Bxa4 28. Nxb4 a5 29. c3 Ne6 30. Nd5 Kg7 31. Ne3 Nc5 32. Bc4 Bd7 33. b4 axb4 34. cxb4 Nb7 35. b5 Nd6 36. b6 Bc6 37. Bd5 Bxd5 38. Nxd5 Kg6 39. Ne3 f5 40. Nc4 Nb7 41. Kf1 Kf6 42. Ke2 Ke6 43. Kf3 Kd5 44. Ne3+ Ke5 45. g3 f6 46. h4 h6 47. g4 fxg4+ 48. Nxg4+ Kf5 49. Nxh6+ Kg6 50. Ng4 Nd6 51. h5+ Kxh5 52. Nxf6+ Kg6 53. Ne4 Nb7 54. Kf4 Kf7 55. Ke5 Ke7 56. Kd5 Nd8 57. Nc5 Kf6 58. b7 Nxb7 59. Nxb7 Kf5 60. Nd6+ Kf4 61. Ne4 {[%emt 0:00:11] Kxe4+ Kxe4} 1-0

[Event "SWE-ch Masters 2019"]
[Site "Eskilstuna"]
[Date "2019.07.13"]
[Round "8.3"]
[White "Engstrom, Kaj"]
[Black "Landgren, Andreas"]
[Result "0-1"]
[ECO "B51"]
[WhiteElo "2234"]
[BlackElo "2246"]
[Annotator "NA"]
[PlyCount "74"]
[EventDate "2019.07.06"]
[EventType "swiss"]
[EventCountry "SWE"]
[SourceTitle "playchess.com"]
[Source "ChessBase"]
[SourceQuality "1"]
[TimeControl "40/5400+30:1800+30"]

1. e4 c5 2. Nf3 d6 3. Bb5+ Nd7 4. d4 cxd4 5. Qxd4 a6 6. Bc4 e6 7. a4 Ngf6 8. Nc3 Be7 9. O-O O-O 10. Rd1 Qc7 11. b3 Rd8 12. Ba3 Ne5 13. Nd2 Ne8 14. Qe3 Bf6 15. Bb2 b6 16. Be2 Bb7 17. f4 Nc6 18. Qg3 Rac8 19. Nc4 Na5 20. Nxa5 bxa5 21. Rd3 Bxe4 22. Nxe4 Bxb2 23. Rad1 d5 24. Nf2 g6 25. Ng4 Bg7 26. Ne3 Nd6 27. c4 dxc4 28. bxc4 Ne4 29. Qf3 Nc3 30. R1d2 Rxd3 31. Rxd3 Qxf4 32. g3 Qxf3 33. Bxf3 Nxa4 34. Ra3 Nb6 35. Bb7 Rc5 36. Bxa6 Bd4 37. Kf2 Nxc4 0-1

[Event "SWE-ch Masters 2019"]
[Site "Eskilstuna"]
[Date "2019.07.13"]
[Round "8.4"]
[White "Gromark, Per-Olof"]
[Black "Eriksson, Jorgen"]
[Result "0-1"]
[ECO "D41"]
[WhiteElo "1909"]
[BlackElo "2211"]
[Annotator "NA"]
[PlyCount "96"]
[EventDate "2019.07.06"]
[EventType "swiss"]
[EventCountry "SWE"]
[SourceTitle "playchess.com"]
[Source "ChessBase"]
[SourceQuality "1"]
[TimeControl "40/5400+30:1800+30"]

1. c4 e6 2. Nc3 d5 3. e3 Nf6 4. Nf3 c5 5. cxd5 Nxd5 6. Bc4 Nc6 7. O-O Be7 8. d4 Nxc3 9. bxc3 O-O 10. Qe2 b6 11. Rd1 cxd4 12. cxd4 Bb7 13. Bb2 Na5 14. Ba6 Bxa6 15. Qxa6 Qc8 16. Qb5 Qc6 17. Qxc6 Nxc6 18. d5 exd5 19. Rxd5 Rfd8 20. Rad1 Nb4 21. Rxd8+ Rxd8 22. Rxd8+ Bxd8 23. a3 Nd3 24. Bc3 Be7 25. a4 Nc5 26. a5 Ne4 27. axb6 axb6 28. Be1 Kf8 29. Nd4 Bc5 30. Kf1 Bxd4 31. exd4 Ke7 32. Ke2 Ke6 33. Kd3 Kd5 34. f3 Nd6 35. g4 Nb5 36. Bf2 Na7 37. Be1 Nc6 38. Bc3 b5 39. Bb2 b4 40. Ba1 g6 41. Bb2 Na5 42. Bc1 Nc4 43. Bg5 b3 44. Bf6 Nd6 45. Kc3 Nb5+ 46. Kxb3 Nxd4+ 47. Kc3 Nxf3 48. h4 Ne5 0-1

[Event "SWE-ch Masters 2019"]
[Site "Eskilstuna"]
[Date "2019.07.13"]
[Round "8.5"]
[White "Olsson, Simon"]
[Black "Wahlund, Max"]
[Result "1/2-1/2"]
[ECO "A45"]
[WhiteElo "2176"]
[BlackElo "2100"]
[Annotator "ChessBase"]
[PlyCount "28"]
[EventDate "2019.07.06"]
[EventType "swiss"]
[EventCountry "SWE"]
[SourceTitle "playchess.com"]
[Source "ChessBase"]
[SourceQuality "1"]
[TimeControl "40/5400+30:1800+30"]

1. d4 Nf6 2. Bg5 e6 3. e4 h6 4. Bxf6 Qxf6 5. Nc3 Bb4 6. Qd3 O-O 7. e5 Qe7 8. a3 Bxc3+ 9. Qxc3 d6 10. f4 a5 11. Nf3 b6 12. Bd3 Ba6 13. O-O Bxd3 14. Qxd3 Nd7 1/2-1/2

[Event "SWE-ch Masters 2019"]
[Site "Eskilstuna"]
[Date "2019.07.13"]
[Round "8.6"]
[White "Lind, Jan-Olov"]
[Black "Hellstrom, Magnus"]
[Result "1-0"]
[ECO "A08"]
[WhiteElo "2155"]
[BlackElo "2061"]
[Annotator "NA"]
[PlyCount "65"]
[EventDate "2019.07.06"]
[EventType "swiss"]
[EventCountry "SWE"]
[SourceTitle "playchess.com"]
[Source "ChessBase"]
[SourceQuality "1"]
[TimeControl "40/5400+30:1800+30"]

1. e4 c5 2. Nf3 Nc6 3. d3 g6 4. g3 Bg7 5. Bg2 Nf6 6. O-O d5 7. Nbd2 O-O 8. Re1 dxe4 9. dxe4 e5 10. c3 h6 11. Qe2 Qc7 12. Nc4 Rd8 13. Nh4 b6 14. Ne3 Ne7 15. a4 Bb7 16. Qc4 Ne8 17. Ng4 Nd6 18. Qa2 Kh7 19. f4 Nc6 20. fxe5 Nxe5 21. Nxe5 Bxe5 22. Nf3 Bg7 23. e5 Nf5 24. e6 Bd5 25. Ng5+ hxg5 26. Bxd5 Rac8 27. Qc4 Qd6 28. Bg2 fxe6 29. Bxg5 Qd3 30. Qxd3 Rxd3 31. Rxe6 Bh6 32. Bxh6 Kxh6 33. Be4 1-0

[Event "SWE-ch Masters 2019"]
[Site "Eskilstuna"]
[Date "2019.07.13"]
[Round "8.7"]
[White "Emmoth, Alfons"]
[Black "Olsson, Svante"]
[Result "0-1"]
[ECO "E71"]
[WhiteElo "2075"]
[BlackElo "2155"]
[Annotator "NA"]
[PlyCount "96"]
[EventDate "2019.07.06"]
[EventType "swiss"]
[EventCountry "SWE"]
[SourceTitle "playchess.com"]
[Source "ChessBase"]
[SourceQuality "1"]
[TimeControl "40/5400+30:1800+30"]

1. d4 Nf6 2. c4 g6 3. Nc3 Bg7 4. e4 O-O 5. h3 d6 6. Be3 Nc6 7. Nge2 e5 8. d5 Ne7 9. g4 c6 10. Ng3 a6 11. a4 Bd7 12. a5 c5 13. Bd3 b5 14. axb6 Qxb6 15. b3 Ne8 16. Nb1 f5 17. gxf5 Nxf5 18. exf5 e4 19. Ra3 exd3 20. fxg6 Nf6 21. gxh7+ Kh8 22. Qxd3 Rae8 23. Nd2 Bc8 24. Kd1 Qc7 25. Kc1 Nd7 26. f4 Nf6 27. Nf3 Bh6 28. Nh4 Qxh7 29. Qxh7+ Kxh7 30. Bd2 Ne4 31. Nxe4 Rxe4 32. Nf3 Kg6 33. Ng5 Rexf4 34. h4 Rf1+ 35. Rxf1 Rxf1+ 36. Be1 Rxe1+ 37. Kd2 Rh1 38. Ke2 Rxh4 39. Ne6 Bxe6 40. dxe6 Re4+ 41. Kd3 Rxe6 42. Rxa6 Kf5 43. Rb6 Re3+ 44. Kc2 Ke5 45. b4 cxb4 46. Rxb4 Kd4 47. Rb6 Bf4 48. Ra6 Be5 0-1

[Event "SWE-ch Masters 2019"]
[Site "Eskilstuna"]
[Date "2019.07.13"]
[Round "8.8"]
[White "Jogstad, Daniel"]
[Black "Olsson, William"]
[Result "1-0"]
[ECO "B51"]
[WhiteElo "2154"]
[BlackElo "2113"]
[Annotator "NA"]
[PlyCount "91"]
[EventDate "2019.07.06"]
[EventType "swiss"]
[EventCountry "SWE"]
[SourceTitle "playchess.com"]
[Source "ChessBase"]
[SourceQuality "1"]
[TimeControl "40/5400+30:1800+30"]

1. e4 c5 2. Nf3 d6 3. Bb5+ Nd7 4. d4 cxd4 5. Qxd4 a6 6. Bxd7+ Bxd7 7. c4 Rc8 8. O-O e5 9. Qd3 Be6 10. b3 h6 11. Nc3 Nf6 12. Rd1 Be7 13. Ba3 Qa5 14. Bb2 O-O 15. Nd2 Nh5 16. g3 Nf6 17. Nf1 Rfd8 18. Ne3 Bf8 19. Ncd5 Nxd5 20. cxd5 Bd7 21. Nc4 Qc5 22. Rdc1 Qa7 23. a4 b5 24. axb5 Bxb5 25. Bc3 Be7 26. Bd2 Rf8 27. Qe3 Qb7 28. Na5 Qd7 29. Nc4 Rb8 30. Na3 Bg5 31. Qe1 Bxd2 32. Qxd2 Qg4 33. Nxb5 Rxb5 34. Qe3 a5 35. Rc3 Qd7 36. Rac1 Rb4 37. Rc7 Qb5 38. R7c3 Kh7 39. Qf3 Qb8 40. h4 Kg8 41. h5 Rd4 42. Qf5 Qb7 43. Kg2 Rb4 44. Rc8 Rxb3 45. R1c7 Qb6 46. Qxf7+ 1-0

[Event "SWE-ch Masters 2019"]
[Site "Eskilstuna"]
[Date "2019.07.13"]
[Round "8.9"]
[White "Carlsson, Andreas"]
[Black "Adellian, Yashar"]
[Result "0-1"]
[ECO "D00"]
[WhiteElo "2019"]
[BlackElo "1995"]
[Annotator "NA"]
[PlyCount "68"]
[EventDate "2019.07.06"]
[EventType "swiss"]
[EventCountry "SWE"]
[SourceTitle "playchess.com"]
[Source "ChessBase"]
[SourceQuality "1"]
[TimeControl "40/5400+30:1800+30"]

1. d4 e6 2. Nc3 d5 3. Bf4 c5 4. e3 Bd7 5. Nf3 Qb6 6. Qd2 Nf6 7. Be2 Nh5 8. Bg3 Nxg3 9. hxg3 Nc6 10. dxc5 Qxc5 11. a3 Be7 12. b4 Qb6 13. Rb1 Rc8 14. Rb3 Bf6 15. Na4 Qc7 16. Nc5 Ne5 17. Nxe5 Bxe5 18. f4 Bf6 19. g4 b6 20. Nxd7 Qxd7 21. g5 Be7 22. Ba6 Rc7 23. Qd3 Kf8 24. Rxh7 Kg8 25. Rxh8+ Kxh8 26. Kd2 e5 27. Rb1 g6 28. Rh1+ Kg8 29. fxe5 Bxg5 30. Qd4 Qf5 31. c4 dxc4 32. Bxc4 Rd7 33. Bd5 Qf2+ 34. Kd3 Bxe3 0-1

[Event "SWE-ch Masters 2019"]
[Site "Eskilstuna"]
[Date "2019.07.13"]
[Round "8.10"]
[White "Sivhed, Johan"]
[Black "Cramling Bellon, Anna"]
[Result "1/2-1/2"]
[ECO "B33"]
[WhiteElo "2023"]
[BlackElo "2030"]
[Annotator "NA"]
[PlyCount "126"]
[EventDate "2019.07.06"]
[EventType "swiss"]
[EventCountry "SWE"]
[SourceTitle "playchess.com"]
[Source "ChessBase"]
[SourceQuality "1"]
[TimeControl "40/5400+30:1800+30"]

1. e4 c5 2. Nf3 Nc6 3. d4 cxd4 4. Nxd4 Nf6 5. Nc3 e6 6. Ndb5 d6 7. Bf4 e5 8. Bg5 a6 9. Na3 b5 10. Bxf6 gxf6 11. Nd5 f5 12. c3 Bg7 13. Bd3 Be6 14. Qh5 f4 15. O-O O-O 16. Rfd1 Ne7 17. Nxe7+ Qxe7 18. Nc2 Qd7 19. h3 Rad8 20. a4 bxa4 21. Na3 Qc8 22. Qe2 d5 23. Bxa6 Qa8 24. Bd3 f5 25. exd5 Bxd5 26. Bc4 Kh8 27. Bxd5 Rxd5 28. Rxd5 Qxd5 29. Rd1 Qc6 30. Qc4 Qg6 31. Kh1 f3 32. g3 f4 33. Rg1 Qh5 34. Kh2 Bh6 35. Qc5 fxg3+ 36. Rxg3 Qf5 37. Nc4 Bf4 38. Ne3 Bxg3+ 39. fxg3 Qf6 40. Qd5 f2 41. Nf1 Rd8 42. Qe4 Rd1 43. Kg2 Qd6 44. c4 Qd4 45. Qa8+ Kg7 46. Qb7+ Qd7 47. Qe4 Re1 48. Qf3 Qf7 49. Qg4+ Kh8 50. Qc8+ Kg7 51. Qg4+ Kh8 52. Qc8+ Qg8 53. Qf5 Qd8 54. Kxf2 Rd1 55. Qxe5+ Kg8 56. Qe6+ Kg7 57. Kg2 Qa8+ 58. Kg1 Qa7+ 59. Kg2 Qb7+ 60. Kg1 Qf3 61. Qe7+ Kg8 62. Qe8+ Kg7 63. Qe7+ Kg8 1/2-1/2

[Event "SWE-ch Masters 2019"]
[Site "Eskilstuna"]
[Date "2019.07.14"]
[Round "9.1"]
[White "Tiger-Norqvist, Axel"]
[Black "Zadruzny, Nicolaj"]
[Result "1/2-1/2"]
[ECO "C45"]
[WhiteElo "2222"]
[BlackElo "2280"]
[Annotator "NA"]
[PlyCount "186"]
[EventDate "2019.07.06"]
[EventType "swiss"]
[EventCountry "SWE"]
[SourceTitle "playchess.com"]
[Source "ChessBase"]
[SourceQuality "1"]
[TimeControl "40/5400+30:1800+30"]

1. e4 e5 2. Nf3 Nc6 3. d4 exd4 4. Nxd4 Nf6 5. Nxc6 bxc6 6. e5 Qe7 7. Qe2 Nd5 8. c4 Nb6 9. Nc3 Qe6 10. Qe4 g6 11. Bd3 Bg7 12. f4 O-O $11 13. O-O f5 14. Qe2 Ba6 15. c5 Bxd3 16. Qxd3 Nd5 17. Nxd5 Qxd5 18. Qxd5+ cxd5 19. Bd2 Rfb8 20. Ba5 c6 21. b4 Bf8 22. a4 Be7 23. Rfb1 Rb7 24. Rd1 Kf7 25. Rd4 h6 26. Rf1 Ke6 27. Kf2 Rg8 28. Ke2 g5 29. g3 Rg7 30. Kd3 Rf7 31. Kc3 a6 32. Bb6 gxf4 33. Rdxf4 Bg5 34. R4f3 h5 35. b5 cxb5 36. axb5 axb5 37. Ra1 d6 38. Ra6 Kxe5 39. cxd6 Ke4 40. Rf1 Bf6+ 41. Kb4 Rbd7 42. Ra2 d4 43. Rf4+ Kd5 44. Rxf5+ Be5 45. Rxh5 Rxd6 46. Bc5 Re6 47. Rd2 Kc6 48. Bxd4 Bd6+ 49. Kb3 Rf3+ 50. Ka2 Re4 51. Rh6 Kc7 52. Bb6+ Kxb6 53. Rhxd6+ Kc5 54. Rd8 Ree3 55. Rc8+ Kb6 56. Kb2 Rb3+ 57. Kc2 Ra3 58. Rb8+ Kc5 59. Rc8+ Kb6 60. Kb2 Rab3+ 61. Kc1 Ra3 62. Re2 Rab3 63. Rcc2 Rbd3 64. Rcd2 Rc3+ 65. Kd1 Ra3 66. Ke1 b4 67. Rg2 Rae3+ 68. Kd1 Kc5 69. g4 Ra3 70. g5 Rfe3 71. Rc2+ Kd5 72. g6 Ra8 73. Kd2 Rh3 74. Kc1 Rg8 75. Rg5+ Ke6 76. Rg4 Kf6 77. Rf2+ Kg7 78. Rf7+ Kh8 79. Rf2 b3 80. Kb2 Kg7 81. Rgg2 Kh6 82. Rf6 Rh5 83. g7+ Kh7 84. Rf7 Rh6 85. Kxb3 Rg6 86. Rg3 Rxg3+ 87. hxg3 Rxg7 88. Rf3 Rc7 89. Rc3 Rxc3+ 90. Kxc3 Kg6 91. Kd4 Kg5 92. Ke3 Kg4 93. Ke4 Kxg3 1/2-1/2

[Event "SWE-ch Masters 2019"]
[Site "Eskilstuna"]
[Date "2019.07.14"]
[Round "9.2"]
[White "Eriksson, Jorgen"]
[Black "Nikolic, Vladan"]
[Result "0-1"]
[ECO "E05"]
[WhiteElo "2211"]
[BlackElo "2153"]
[Annotator "NA"]
[PlyCount "98"]
[EventDate "2019.07.06"]
[EventType "swiss"]
[EventCountry "SWE"]
[SourceTitle "playchess.com"]
[Source "ChessBase"]
[SourceQuality "1"]
[TimeControl "40/5400+30:1800+30"]

1. Nf3 Nf6 2. g3 d5 3. c4 e6 4. Bg2 Be7 5. O-O O-O 6. d4 dxc4 7. Ne5 Nc6 8. Nxc6 bxc6 9. Na3 Bxa3 10. bxa3 Ba6 11. Re1 Rb8 12. e4 Qe7 13. Qa4 Bb5 14. Qxa7 Ra8 15. Qc5 Qxc5 16. dxc5 Nd7 17. Bf4 Rfc8 18. Rec1 Nxc5 19. Be3 Nd3 20. Rc3 Ra4 21. Bf1 Rca8 22. Bc1 Nxc1 23. Raxc1 Rxa3 24. Bxc4 Rxc3 25. Rxc3 Bxc4 26. Rxc4 Rxa2 27. Rxc6 Ra7 28. f4 Kf8 29. Kf2 Ke7 30. Ke3 Kd7 31. Rc3 f6 32. Rd3+ Kc8 33. Rc3 Ra5 34. g4 Ra2 35. h3 Rh2 36. Kd4 Kd7 37. e5 Rd2+ 38. Ke3 Rd5 39. exf6 gxf6 40. Ke4 Kd6 41. f5 exf5+ 42. gxf5 c5 43. Rc4 Re5+ 44. Kf4 Kd5 45. Ra4 c4 46. Ra7 c3 47. Rxh7 c2 48. Rc7 Re4+ 49. Kf3 Rc4 0-1

[Event "SWE-ch Masters 2019"]
[Site "Eskilstuna"]
[Date "2019.07.14"]
[Round "9.3"]
[White "Crevatin, Leo"]
[Black "Landgren, Andreas"]
[Result "0-1"]
[ECO "A65"]
[WhiteElo "2146"]
[BlackElo "2246"]
[Annotator "NA"]
[PlyCount "184"]
[EventDate "2019.07.06"]
[EventType "swiss"]
[EventCountry "SWE"]
[SourceTitle "playchess.com"]
[Source "ChessBase"]
[SourceQuality "1"]
[TimeControl "40/5400+30:1800+30"]

1. d4 Nf6 2. c4 g6 3. f3 Bg7 4. e4 d6 5. Nc3 O-O 6. Nge2 c5 7. d5 a6 8. a4 e6 9. Ng3 exd5 10. cxd5 Nbd7 11. Be2 Ne8 12. Be3 Rb8 13. O-O Nc7 {[%emt 0:03:48] A65: Modern Benoni: 6 e4} 14. a5 (14. f4 b5 15. e5 bxa4 16. Nge4 dxe5 17. f5 gxf5 18. Rxf5 Nb6 19. Rg5 f5 20. Qe1 fxe4 21. Rxg7+ Kxg7 {½-½ (40) Vachier Lagrave,M (2758)-Radjabov,T (2738) Skopje 2015}) 14... b5 15. axb6 Nb5 16. Nxb5 axb5 17. Bxb5 $146 ({Predecessor:} 17. Qd2 Nxb6 18. f4 Nc4 19. Bxc4 bxc4 {½-½ (31) Tang,A (2441)-Song,M (2373) Rockville 2016}) 17... Qxb6 18. Be2 Qxb2 19. Rb1 Qa3 20. Qd2 Ba6 21. Bxa6 Qxa6 22. f4 Rfe8 23. Kh1 Qa4 24. h3 h5 25. e5 Rxb1 $19 ({Much less strong is} 25... dxe5 26. Rxb8 Rxb8 27. f5 $17) 26. Rxb1 dxe5 27. fxe5 Bxe5 28. Ne2 Qe4 29. Re1 Rb8 30. Nf4 c4 31. Ba7 Qxf4 32. Qxf4 Bxf4 33. Bxb8 Bxb8 34. Re8+ Kg7 35. Rc8 Kf6 36. Rxc4 Ke5 37. Rc8 Kxd5 38. g4 h4 39. Rd8 Ke6 40. Re8+ Kd6 41. Rh8 g5 42. Kg2 Ke6 43. Re8+ Kf6 44. Kf3 Bg3 45. Ra8 Kg6 46. Ra6+ f6 47. Ra8 Nc5 48. Rg8+ Kf7 49. Ra8 Be5 50. Ra3 Kg6 51. Ra5 Ne6 52. Ke4 Bg3 53. Ra1 Nf4 54. Rh1 Kf7 55. Kf5 Ke7 56. Rb1 Nxh3 57. Rb7+ Kd6 58. Kxf6 Bf4 59. Kf5 Ng1 60. Rb1 Ne2 61. Rd1+ Kc5 62. Rd8 h3 63. Rh8 h2 64. Kg6 Kd5 65. Rxh2 Bxh2 66. Kxg5 Ke5 67. Kh4 Kf6 68. g5+ Kg6 69. Kg4 Nd4 70. Kh3 Bf4 71. Kg4 Bxg5 72. Kh3 Kf5 73. Kg3 Ke4 74. Kg4 Bf4 75. Kh3 Kf3 76. Kh4 Ne6 77. Kh3 Be5 78. Kh4 Bg3+ 79. Kh5 Kf4 80. Kg6 Ke5 81. Kf7 Bh4 82. Kg6 Bf6 83. Kf7 Nc7 84. Kg6 Ke6 85. Kh5 Kf5 86. Kh6 Ne6 87. Kh5 Be7 88. Kh6 Bg5+ 89. Kh7 Kf6 90. Kh8 Kf7 91. Kh7 Nf8+ 92. Kh8 Bf6# 0-1

[Event "SWE-ch Masters 2019"]
[Site "Eskilstuna"]
[Date "2019.07.14"]
[Round "9.4"]
[White "Lind, Jan-Olov"]
[Black "Engstrom, Kaj"]
[Result "1-0"]
[ECO "A05"]
[WhiteElo "2155"]
[BlackElo "2234"]
[Annotator "ChessBase"]
[PlyCount "117"]
[EventDate "2019.07.06"]
[EventType "swiss"]
[EventCountry "SWE"]
[SourceTitle "playchess.com"]
[Source "ChessBase"]
[SourceQuality "1"]
[TimeControl "40/5400+30:1800+30"]

1. e4 c5 2. Nf3 e6 3. d3 b5 4. g3 Bb7 5. Bg2 Nf6 6. O-O d5 7. Nbd2 Be7 8. a4 b4 9. Re1 O-O 10. exd5 Bxd5 11. Qe2 Nc6 12. Nc4 Rb8 13. Nce5 Bd6 14. Nxc6 Bxc6 15. Nd2 Bxg2 16. Kxg2 Be7 17. Qf3 Qd7 18. Nc4 Nd5 19. h4 Bf6 20. Bg5 Bd4 21. h5 h6 22. Bd2 Qd8 23. a5 Qf6 24. Rab1 Rfd8 25. Re4 Qxf3+ 26. Kxf3 Rd7 27. Rg1 b3 28. c3 Bf6 29. Ke2 Rbd8 30. Rd1 Ne7 31. Be3 Rd5 32. g4 Bg5 33. f4 Bh4 34. Rh1 g5 35. f5 Rxd3 36. fxe6 f5 37. gxf5 Nxf5 38. Rg1 Nxe3 39. e7 Nxc4 40. exd8=Q+ Rxd8 41. Rxc4 Re8+ 42. Kf3 Rf8+ 43. Kg4 Rf2 44. Rb1 Kf7 45. Rxc5 Rf4+ 46. Kh3 Ke6 47. Rb5 Re4 48. Rxb3 Re3+ 49. Kg2 g4 50. Rb4 Rg3+ 51. Kf1 Kf5 52. Rd1 Rf3+ 53. Ke2 Rf2+ 54. Ke3 Rf3+ 55. Ke2 Rf2+ 56. Kd3 Bg5 57. Rg1 Rd2+ 58. Kc4 Bh4 59. Kb3 1-0

[Event "SWE-ch Masters 2019"]
[Site "Eskilstuna"]
[Date "2019.07.14"]
[Round "9.5"]
[White "Olsson, Svante"]
[Black "Olsson, Simon"]
[Result "1/2-1/2"]
[ECO "A13"]
[WhiteElo "2155"]
[BlackElo "2176"]
[Annotator "ChessBase"]
[PlyCount "115"]
[EventDate "2019.07.06"]
[EventType "swiss"]
[EventCountry "SWE"]
[SourceTitle "playchess.com"]
[Source "ChessBase"]
[SourceQuality "1"]
[TimeControl "40/5400+30:1800+30"]

1. c4 e6 2. Nf3 d5 3. g3 Nf6 4. Bg2 Nc6 5. b3 Be7 6. Bb2 O-O 7. O-O Rb8 8. d3 b6 9. Nc3 Bb7 10. cxd5 exd5 11. Rc1 Re8 12. a3 Bf8 13. b4 a6 14. b5 Na5 15. a4 c5 16. bxa6 Bxa6 17. Nb5 Nc6 18. Bxf6 gxf6 19. Nh4 Bxb5 20. axb5 Nd4 21. e4 Qd7 22. Nf5 Nxf5 23. Bh3 dxe4 24. Qh5 Ng7 25. Bxd7 Nxh5 26. Bxe8 Rxe8 27. Rfe1 f5 28. Rc4 Nf6 29. dxe4 fxe4 30. Rd1 Ra8 31. h3 Be7 32. g4 Rd8 33. Rxd8+ Bxd8 34. g5 Nd5 35. Rxe4 Kf8 36. h4 Nc3 37. Re5 Nxb5 38. Rd5 Be7 39. f4 Nc3 40. Rd2 Ne4 41. Rb2 c4 42. Kg2 Bc5 43. f5 c3 44. Ra2 Nd6 45. f6 Ke8 46. Kf3 Kd7 47. Ke2 b5 48. Kd3 b4 49. Re2 Nf5 50. Re5 Bf2 51. Rxf5 Bxh4 52. Rb5 Ke6 53. Kc2 Be1 54. Rb7 Bd2 55. Re7+ Kf5 56. Rxf7 Bxg5 57. Rxh7 Bxf6 58. Rb7 1/2-1/2

[Event "SWE-ch Masters 2019"]
[Site "Eskilstuna"]
[Date "2019.07.14"]
[Round "9.6"]
[White "Wahlund, Max"]
[Black "Gromark, Per-Olof"]
[Result "0-1"]
[ECO "E04"]
[WhiteElo "2100"]
[BlackElo "1909"]
[Annotator "ChessBase"]
[PlyCount "98"]
[EventDate "2019.07.06"]
[EventType "swiss"]
[EventCountry "SWE"]
[SourceTitle "playchess.com"]
[Source "ChessBase"]
[SourceQuality "1"]
[TimeControl "40/5400+30:1800+30"]

1. d4 d5 2. c4 e6 3. Nf3 Nf6 4. g3 dxc4 5. Bg2 a6 6. O-O Nc6 7. e3 Rb8 8. Nfd2 Be7 9. Nxc4 Bd7 10. Nc3 O-O 11. e4 b5 12. Ne3 b4 13. Ne2 Na5 14. b3 c5 15. Bb2 Bb5 16. Re1 Nc6 17. d5 Na7 18. Nc4 exd5 19. exd5 Nc8 20. Qd3 Nd6 21. Rac1 Nd7 22. Qc2 Bxc4 23. bxc4 Bf6 24. Nf4 Nb6 25. Nd3 Rc8 26. Bh3 Rc7 27. Ne5 Bxe5 28. Bxe5 Nbxc4 29. Ba1 Re8 30. Qd3 Rxe1+ 31. Rxe1 Re7 32. Rc1 Qe8 33. Kf1 Qb5 34. Kg1 Nb6 35. Qxb5 axb5 36. f4 c4 37. Be5 Nbc8 38. Kf2 Ra7 39. Rc2 Kf8 40. Ke3 f6 41. Bd4 Ra3+ 42. Ke2 b3 43. axb3 Rxb3 44. Ra2 f5 45. Bc5 g6 46. Ra6 Ke7 47. Bg2 Rb2+ 48. Kf1 c3 49. Bd4 Rb1+ 0-1

[Event "SWE-ch Masters 2019"]
[Site "Eskilstuna"]
[Date "2019.07.14"]
[Round "9.7"]
[White "Adellian, Yashar"]
[Black "Hellstrom, Magnus"]
[Result "1/2-1/2"]
[ECO "B22"]
[WhiteElo "1995"]
[BlackElo "2061"]
[Annotator "NA"]
[PlyCount "21"]
[EventDate "2019.07.06"]
[EventType "swiss"]
[EventCountry "SWE"]
[SourceTitle "playchess.com"]
[Source "ChessBase"]
[SourceQuality "1"]
[TimeControl "40/5400+30:1800+30"]

1. e4 c5 2. c3 Nf6 3. e5 Nd5 4. d4 cxd4 5. cxd4 d6 6. Nf3 Nc6 7. Bc4 dxe5 8. dxe5 Nb6 9. Qxd8+ Nxd8 10. Bb3 g6 11. O-O 1/2-1/2